 Dungeon Crawl Stone Soup version 0.31-a0-986-g5e6e4ef867 (webtiles) character file.

Game seed: 11701745853586814418

1766367 bakla the Demonic Mishap (level 27, 196/235 HPs)
             Began as a Demonspawn Fighter on Nov 21, 2023.
             Was an Initiate of Qazlal.
             Escaped with the Orb
             ... and 3 runes on Nov 23, 2023!
             The game lasted 02:46:58 (64654 turns).

bakla the Demonic Mishap (Demonspawn Fighter)      Turns: 64654, Time: 02:46:59

Health: 196/235    AC: 20    Str: 18    XL:     27
Magic:  38/38      EV: 32    Int: 12    God:    Qazlal [......]
Gold:   4224       SH: 23    Dex: 27    Spells: 36/38 levels left

rFire   + . .        g - +9 quick blade (freeze)
rCold   + + +        c - +5 kite shield
rNeg    + . .        J - +5 ring mail {Will+}
rPois   +            (helmet unavailable)
rElec   +            (cloak unavailable)
rCorr   +            (gloves unavailable)
SInv    +            U - +0 pair of boots of Repulsion {rF+ Int+2 Dex+2}
Will    ++++.        M - amulet "Calukirph" {rF+ Regen+}
Stlth   +            K - ring "Rynlopn" {rElec rF- rC+ rCorr AC+4}
HPRegen 1.39/turn    H - ring of Doubts {rPois rC++ rN+ SInv}
MPRegen 0.26/turn

%: no passive effects
@: studying Axes
A: claws 3, horns 3, demonic guardian 3, ignite blood 3, augmentation 3,
weakness stinger 3, iridescent scales 1, strong-willed 1, sense surroundings 1,
screaming 1, wild magic 1
0: Orb of Zot
}: 3/15 runes: decaying, serpentine, silver
a: Renounce Religion


You escaped.
You worshipped Qazlal.
Qazlal was noncommittal.
You visited 11 branches of the dungeon, and saw 51 of its levels.
You visited 1 bazaar.
You visited 1 ziggurat, and saw 8 of its levels.
You also visited: Trove and Desolation.

You collected 9450 gold pieces.
You spent 5226 gold pieces at shops.

Inventory:

Hand Weapons
 g - a +9 quick blade of freezing (weapon)
 q - a +9 demon blade of freezing
 G - the +9 sword of Power {lifebolt}
   (You found it on level 3 of a ziggurat)
Missiles
 u - 17 curare-tipped darts
 Y - 2 throwing nets
Armour
 c - a +5 kite shield (worn)
 A - +1 fire dragon scales
 J - a +5 ring mail of willpower (worn)
 U - the +0 pair of boots of Repulsion (worn) {rF+ Int+2 Dex+2}
   (You found it on level 2 of the Swamp)

   Int+2:     It affects your intelligence (+2).
   Dex+2:     It affects your dexterity (+2).
   rF+:       It protects you from fire.
Jewellery
 t - the ring "Rebruapn" {*Slow rF- rC+++ rCorr Int+3}
   (You found it in the Desolation of Salt)

   [ring of resist corrosion]

   Int+3:     It affects your intelligence (+3).
   rF-:       It makes you vulnerable to fire.
   rC+++:     It renders you almost immune to cold.
   rCorr:     It protects you from acid and corrosion.
   *Slow:     It may slow you when you take damage.
 w - the ring "Vamemn" {rF+ rCorr}
   (You took it off a tengu warrior on level 13 of the Dungeon)

   [ring of resist corrosion]

   rF+:       It protects you from fire.
   rCorr:     It protects you from acid and corrosion.
 H - the ring of Doubts (right claw) {rPois rC++ rN+ SInv}
   (You bought it in a shop on level 1 of the Vaults)

   [ring of poison resistance]

   rC++:      It greatly protects you from cold.
   rPois:     It protects you from poison rN+: It protects you from negative
   energy.
   SInv:      It lets you see invisible.
 K - the ring "Rynlopn" (left claw) {rElec rF- rC+ rCorr AC+4}
   (You found it on level 4 of the Vaults)

   [ring of protection]

   AC+4:      It affects your AC (+4).
   rF-:       It makes you vulnerable to fire.
   rC+:       It protects you from cold.
   rElec:     It insulates you from electricity.
   rCorr:     It protects you from acid and corrosion.
 M - the amulet "Calukirph" (around neck) {rF+ Regen+}
   (You found it on level 3 of the Crypt)

   [amulet of regeneration]

   rF+:       It protects you from fire.
   Regen+:    It increases your rate of health regeneration.
 Q - a ring of flight
 S - the ring "Xiet" {Drain rPois rCorr Int+2 Dex+4}
   (You found it on level 5 of the Vaults)

   [ring of poison resistance]

   Int+2:     It affects your intelligence (+2).
   Dex+4:     It affects your dexterity (+4).
   rPois:     It protects you from poison rCorr: It protects you from acid and
   corrosion.
   Drain:     It drains your maximum health when unequipped.
 V - a ring of see invisible
 X - a +6 ring of dexterity
Wands
 v - a wand of digging (2)
 x - a wand of acid (19)
 y - a wand of flame (165)
 B - a wand of roots (74)
Scrolls
 b - 6 scrolls of fear
 d - 11 scrolls of noise
 f - 10 scrolls of immolation
 j - a scroll of enchant weapon
 k - 5 scrolls of fog
 E - 11 scrolls of teleportation
 N - 5 scrolls of poison
 O - a scroll of butterflies
 R - 6 scrolls of vulnerability
 T - a scroll of torment
 Z - 9 scrolls of brand weapon
Potions
 e - 10 potions of enlightenment
 h - 10 potions of curing
 i - 10 potions of lignification
 l - 3 potions of invisibility
 m - 2 potions of resistance
 n - 7 potions of brilliance
 o - 4 potions of cancellation
 p - 4 potions of heal wounds
 r - 2 potions of haste
 s - 5 potions of berserk rage
 z - 3 potions of attraction
 D - 7 potions of might
 I - 10 potions of mutation
 L - a potion of magic
Miscellaneous
 F - a lightning rod (4/4)
 W - a phantom mirror


   Skills:
 - Level 23.0 Fighting
 - Level 11.0(14.0) Short Blades
 - Level 14.0(15.4) Long Blades
 - Level 13.6 Armour
 - Level 23.0 Dodging
 - Level 20.0 Shields
 - Level 6.0 Spellcasting
 - Level 6.0 Transmutations
 + Level 23.1 Invocations


You had 36 spell levels left.
You knew the following spells:

 Your Spells              Type           Power      Damage    Failure   Level
a - Wereblood             Tmut           51%        N/A       8%          2

Your spell library contained the following spells:

 Spells                   Type           Power      Damage    Failure   Level
 Foxfire                  Conj/Fire      40%        2x1d6     43%         1
 Kiss of Death            Conj/Necr      40%        2d8       43%         1
 Slow                     Hex            40%        N/A       43%         1
 Summon Small Mammal      Summ           40%        N/A       43%         1
 Ignite Poison            Fire/Tmut/Pois 24%        N/A       52%         3
 Blink                    Tloc           20%        N/A       56%         2
 Call Imp                 Summ           20%        N/A       56%         2
 Cigotuvi's Dreadful Rot  Necr/Pois/Air  20%        N/A       56%         2
 Ensorcelled Hibernation  Hex/Ice        20%        N/A       56%         2
 Jinxbite                 Hex            20%        N/A       56%         2
 Lesser Beckoning         Tloc           20%        N/A       56%         2
 Momentum Strike          Conj/Tloc      20%        3d8       56%         2
 Static Discharge         Conj/Air       20%        3-4/arc   56%         2
 Sublimation of Blood     Necr           10%        N/A       56%         2
 Call Canine Familiar     Summ           10%        N/A       78%         3
 Confusing Touch          Hex            10%        N/A       78%         3
 Gell's Gravitas          Tloc           10%        N/A       78%         3
 Hailstorm                Conj/Ice       10%        3d5       78%         3
 Inner Flame              Hex/Fire       10%        N/A       78%         3
 Stone Arrow              Conj/Erth      20%        3d8       78%         3
 Summon Guardian Golem    Hex/Summ       10%        N/A       78%         3
 Teleport Other           Tloc           10%        N/A       78%         3
 Tukima's Dance           Hex            10%        N/A       78%         3
 Volatile Blastmotes      Fire/Tloc      20%        2d11      78%         3
 Irradiate                Conj/Tmut      15%        3d16      98%         5
 Yara's Violent Unravell  Hex/Tmut       15%        3d8       98%         5
 Airstrike                Air            5%         2d(1-17)  99%         4
 Anguish                  Hex/Necr       5%         N/A       99%         4
 Animate Armour           Summ/Erth      20%        N/A       99%         4
 Animate Dead             Necr           10%        N/A       99%         4
 Cause Fear               Hex            5%         N/A       99%         4
 Dimensional Bullseye     Hex/Tloc       5%         N/A       99%         4
 Dispel Undead            Necr           10%        3d9       99%         4
 Flame Wave               Conj/Fire      10%        2d6       99%         4
 Fulminant Prism          Conj/Hex       5%         3d7       99%         4
 Iskenderun's Mystic Bla  Conj/Tloc      10%        2d4       99%         4
 Leda's Liquefaction      Hex/Erth       5%         N/A       99%         4
 Manifold Assault         Tloc           10%        N/A       99%         4
 Olgreb's Toxic Radiance  Pois           10%        N/A       99%         4
 Sticky Flame             Conj/Fire      10%        2d3       99%         4
 Summon Ice Beast         Ice/Summ       10%        N/A       99%         4
 Summon Lightning Spire   Summ/Air       10%        N/A       99%         4
 Freezing Cloud           Conj/Ice/Air   5%         6-21      100%        5
 Summon Forest            Summ/Tloc      5%         N/A       100%        5
 Summon Mana Viper        Hex/Summ       10%        N/A       100%        5
 Death Channel            Necr           5%         N/A       100%        6
 Dispersal                Tloc           5%         N/A       100%        6
 Eringya's Noxious Bog    Tmut/Pois      15%        4d6       100%        6
 Plasma Beam              Fire/Air       5%         2x1d15    100%        6
 Simulacrum               Ice/Necr       5%         N/A       100%        6
 Starburst                Conj/Fire      5%         6d4       100%        6
 Enfeeble                 Hex            5%         N/A       100%        7
 Haunt                    Necr/Summ      5%         N/A       100%        7
 Malign Gateway           Summ/Tloc      5%         N/A       100%        7
 Monstrous Menagerie      Summ           5%         N/A       100%        7
 Summon Hydra             Summ           5%         N/A       100%        7
 Borgnjor's Revivificati  Necr           5%         N/A       100%        8
 Discord                  Hex            5%         N/A       100%        8
 Ignition                 Fire           5%         3d4       100%        8
 Infestation              Necr           5%         N/A       100%        8
 Lehudib's Crystal Spear  Conj/Erth      5%         10d3      100%        8
 Summon Horrible Things   Summ           5%         N/A       100%        8
 Death's Door             Necr           5%         N/A       100%        9
 Shatter                  Erth           5%         3d8*      100%        9


Dungeon Overview and Level Annotations

Branches:
Dungeon (15/15)            Temple (1/1) D:7            Lair (5/5) D:10
  Swamp (4/4) Lair:2        Snake (4/4) Lair:2        Slime (0/5) Lair:4
    Orc (2/2) D:12            Elf (3/3) Orc:2        Vaults (5/5) D:13
  Crypt (3/3) Vaults:3       Tomb (0/3) Crypt:3      Depths (4/4) D:15
    Zot (5/5) Depths:4    Desolation (visited)

Altars:
Ashenzari
Cheibriados
Dithmenos
Fedhas
Gozag
Hepliaklqana
Kikubaaqudgha
Makhleb
Nemelex Xobeh
Okawaru
Qazlal
Ru
Sif Muna
Trog
Uskayaw
Vehumet
Wu Jian
Xom
Yredelemnul

Shops:
D:5 *   D:7 !   D:11 :   D:14 *   Orc:2 (*??   Elf:1 !*   Snake:1 :   Snake:3 ?
Snake:4 :=:   Vaults:1 ?=   Vaults:3 *

Portals:
Hell: Depths:1 Depths:2 Depths:3 Depths:4
Abyss: Depths:3 Depths:4
Pandemonium: Depths:2 Depths:3 Depths:4

Annotations:
D:8 exclusions: centaur and 2 more exclusions
Lair:4 1 runed translucent door, Xablec's ghost, journeyman DEEE
Elf:1 Roxanne
Crypt:2 2 transporters, Hali's ghost, veteran FoFi
Zot:5 exclusion: 2 upstairs


Innate Abilities, Weirdness & Mutations

You have claws for hands.
You have a pair of large horns on your head.
A powerful demonic guardian rushes to your aid.
Your demonic aura causes all spilled blood to erupt in flames.
Your magical and physical power is greatly enhanced at high health.
You have a sharp stinger which inflicts weakening toxins.
You are partially covered in iridescent scales. (AC +2)
You are strong-willed. (Will+)
You passively map a small area around you.
You occasionally shout uncontrollably at your foes.
Your spells are a little harder to cast, but a little more powerful.


Message History

There is a stone staircase leading up here.
You climb upwards.
There is a stone staircase leading down here.
A tormentor comes into view.
The tormentor moves out of view.
As you read the scroll of fog, it dissolves into smoke.
You puncture the tormentor! You freeze the tormentor.
You headbutt the tormentor! You tail-slap the tormentor.
The tormentor looks weaker.
You barely miss the tormentor. Your headbutt misses the tormentor.
The tormentor is almost dead.
You barely miss the tormentor. You puncture the tormentor!
You freeze the tormentor.
You kill the tormentor!
Qazlal accepts your kill.
There is a stone staircase leading up here.
You climb upwards.
There is a stone staircase leading down here.
What level of the Dungeon? (default 1, ? - help)
There is an open door here.
There is an open door here.
There is an open door here.
A Brimstone Fiend comes into view.
The Brimstone Fiend calls on the powers of darkness!
Your body is wracked with pain!
* * * LOW HITPOINT WARNING * * *
A demonic guardian appears!
There is an open door here.
You close the door.
You swap places.
Your Brimstone Fiend disappears in a puff of smoke!
There is an open gate here.
You yell at the neqoxec!
A neqoxec comes into view.
There is an open door here.
You block the neqoxec's attack. The neqoxec completely misses you.
There is a staircase leading out of the dungeon here.
The neqoxec completely misses you.
You have escaped!

♣♣♣ ################### ### ♣♣♣.♣
#....#.......#....# ####.##♣♣.⌠♣♣
#.@3.'.8.....#..⌠.# .....#♣....♣♣
#.)..#...⌠...#....# ####.#♣.....♣
#....#.8...8.'....#
...#.#♣♣....♣♣###..#.......#..###
##.#.#.......♣.♣####..8....####
...#.#..........♣♣ #....)..# ♣♣♣
####............[♣♣###...###♣♣.♣
.....######..♣....♣♣♣#'''#♣♣...♣#
###### ######♣..............)#


You could see a neqoxec.

Vanquished Creatures
  4 dread liches
  2 pandemonium lords
  3 orbs of fire
  5 ancient liches
  3 juggernauts
  A royal mummy (Zig:6)
  Josephina (Crypt:2)
  7 Killer Klowns (Zot:5)
  Saint Roka (Depths:4)
  Frederick (Crypt:2)
  A curse toe (Zot:3)
  4 caustic shrikes (Depths:4)
  the Enchantress (Depths:3)
  6 golden dragons
  Jory (Crypt:2)
  Norris (Depths:1)
  A bone dragon (Crypt:3)
  A Tzitzimitl (Zig:5)
  An electric golem (Zot:5)
  A shard shrike zombie (Crypt:1)
  Zenata (Vaults:3)
  A walking crystal tome (Depths:3)
  4 liches
  11 tentacled monstrosities
  24 Orb Guardians
  Mlioglotl (Snake:1)
  3 titans (Vaults:5)
  11 sphinxes
  3 deep elf blademasters (Elf:3)
  7 quicksilver dragons
  A death cob (Zot:3)
  3 ancient champions
  2 deep elf master archers (Elf:3)
  Agnes (Snake:1)
  7 shadow dragons
  Donald (Swamp:4)
  8 storm dragons
  5 revenants
  2 tengu reavers
  Kirke (Snake:1)
  5 nagarajas
  7 draconian knights
  11 draconian monks
  6 frost giants
  A fenstrider witch (Swamp:3)
  8 fire giants
  5 iron dragons
  18 vault wardens
  8 deep elf sorcerers
  6 draconian scorchers
  3 imperial myrmidons (Desolation)
  A frost giant (shapeshifter) (Vaults:5)
  A ghost moth (Zot:3)
  A balrug (Depths:4)
  2 draconian shifters
  2 angels (Vaults:3)
  2 curse skulls
  5 ghouls
  3 deep elf elementalists (Elf:3)
  7 war gargoyles
  7 draconian annihilators
  10 draconian stormcallers
  3 orc warlords
  5 spriggan defenders
  6 ironbound thunderhulks
  2 demonspawn corrupters
  3 reapers
  14 very ugly things
  23 ironbound preservers
  6 stone giants
  5 deep elf demonologists (Elf:3)
  10 black draconians
  13 green draconians
  4 deep elf annihilators (Elf:3)
  13 white draconians
  5 vampire knights
  2 bennus (Zig:6)
  A lorocyproca (Depths:2)
  5 eleionomae
  9 red draconians
  5 spark wasps
  Azrael (D:15)
  10 dire elephants
  2 halazid warlocks (Desolation)
  2 bunyips
  9 purple draconians
  8 yellow draconians
  A blizzard demon (Depths:4)
  2 eidola
  7 ettins
  14 deep elf death magi
  3 crystal guardians (Desolation)
  9 ragged hierophants
  A mummy priest (Crypt:3)
  11 fire dragons
  A shambling mangrove (Swamp:4)
  8 great orbs of eyes
  7 deep elf high priests
  8 jiangshi
  An entropy weaver (Vaults:1)
  A hell beast (Zig:4)
  9 yaktaur captains
  25 hydras
  37 vault guards
  A rakshasa (Depths:3)
  2 ice dragons (Depths:3)
  3 salamander tyrants
  A ghost crab (Swamp:4)
  An ogre mage (Vaults:5)
  9 peacekeepers
  6 servants of whispers (Desolation)
  5 spriggan air magi
  12 ironbound frosthearts
  12 alligators
  4 death knights
  4 two-headed ogres
  33 dancing weapons
  5 boulder beetles
  12 centaur warriors
  5 naga warriors
  8 anacondas
  5 tengu warriors
  9 deep troll earth magi
  5 deep troll shamans
  A satyr (Zig:2)
  2 demonic crawlers (D:14)
  5 spriggan berserkers
  5 hell hogs
  A titan zombie (Crypt:3)
  6 vampire magi
  5 orc high priests (Orc:2)
  25 spriggans
  3 sun demons (Depths:4)
  16 deep elf knights
  20 naga sharpshooters
  11 shock serpents
  5 soul eaters
  14 hell knights
  Urug (Orc:2)
  A fire crab (Lair:5)
  Sonja (D:11)
  3 titan skeletons (Crypt:3)
  40 skeletal warriors
  A wretched star (Zig:3)
  5 skysharks
  2 death drakes (shapeshifter)
  7 iron trolls
  2 quicksilver dragon simulacra (Depths:4)
  A storm dragon skeleton (D:15)
  3 glowing orange brains
  4 shadow wraiths
  7 spriggan druids
  18 swamp dragons
  6 naga ritualists
  52 deep trolls
  A sea snake (Zig:2)
  4 flayed ghosts
  Pikel (D:4)
  7 bog bodies
  10 goliath frogs
  9 deep elf archers
  A bunyip skeleton (Crypt:1)
  A spriggan simulacrum (Crypt:2)
  A shadow demon (Depths:2)
  12 phantasmal warriors
  9 lindwurms
  7 harpies
  5 arcanists
  12 orc knights
  18 deep elf zephyrmancers
  7 necromancers
  23 ironbound convokers
  A steelbarb worm (shapeshifter) (Zig:8)
  28 deep elf pyromancers
  A shadow dragon zombie (Crypt:2)
  An orc sorcerer (Orc:2)
  38 ugly things
  A mana viper (shapeshifter) (Vaults:5)
  5 cyclopes
  2 manticores
  2 will-o-the-wisps
  7 mana vipers
  6 salamanders
  A manticore (shapeshifter) (Vaults:5)
  2 centaur zombies (Crypt:2)
  2 iron dragon skeletons (Crypt:3)
  A moth of wrath (shapeshifter) (Elf:3)
  6 elephants (Lair:4)
  8 moths of wrath
  13 naga magi
  44 black mambas
  An ice statue (Depths:4)
  7 guardian serpents
  19 vault sentinels
  19 cane toads
  9 fire giant skeletons (Crypt:3)
  A torpor snail (Lair:3)
  A smoke demon (Depths:2)
  6 gargoyles
  3 rime drakes
  12 komodo dragons
  2 rime drakes (shapeshifter)
  An efreet (Temple)
  A minotaur zombie (Crypt:3)
  6 freezing wraiths
  Psyche (D:9)
  2 black draconian skeletons
  3 kobold demonologists
  3 tengu conjurers
  A purple draconian skeleton (Crypt:2)
  A bunyip simulacrum (Crypt:2)
  A yaktaur (shapeshifter) (Zig:8)
  3 tormentors
  A red draconian skeleton (Crypt:1)
  25 yaktaurs
  7 guardian mummies
  A green draconian skeleton (Crypt:1)
  2 ice devils (Depths:4)
  A death yak skeleton (Crypt:2)
  A red devil (Zig:5)
  A queen bee (shapeshifter) (Elf:2)
  A bloated husk (Swamp:3)
  19 hornets
  A hydra skeleton (Crypt:3)
  3 harpy skeletons
  10 polar bears (Lair:5)
  A hornet (shapeshifter) (Depths:2)
  A merfolk (Zig:2)
  8 trolls
  2 raiju
  68 saltlings
  7 tyrant leeches
  A glass eye (shapeshifter) (Vaults:5)
  2 spriggan zombies
  A large abomination (D:14)
  7 dream sheep (Lair:4)
  22 blink frogs
  An ettin zombie (Crypt:1)
  A radroach zombie (Crypt:2)
  2 flying skulls (Zig:6)
  5 air elementals
  24 slime creatures
  2 ushabtiu (Zig:6)
  Sigmund (D:5)
  7 fire dragon skeletons (Crypt:3)
  14 wraiths
  A centaur simulacrum (Crypt:2)
  36 yaks
  A vampire (D:13)
  6 wyverns
  7 shadows (Crypt:3)
  9 water elementals
  3 fire elementals (D:15)
  A wyvern (shapeshifter) (Vaults:5)
  A hog (shapeshifter) (D:15)
  Eustachio (D:5)
  2 spriggan skeletons
  3 basilisks
  4 chaos spawn
  A redback (shapeshifter) (Depths:3)
  A redback (Vaults:1)
  A steam dragon (D:9)
  A human simulacrum (Vaults:3)
  A minotaur simulacrum (Crypt:2)
  Menkaure (D:5)
  2 vampire mosquitoes (D:12)
  31 nagas
  14 swamp worms
  5 acid dragons
  7 wargs
  20 water moccasins
  Duvessa (D:5)
  20 hell hounds
  13 swamp drakes
  12 black bears
  46 orc warriors
  A black mamba simulacrum (Crypt:2)
  2 ice beasts (D:6)
  8 ogres
  7 ettin simulacra
  5 small abominations (D:14)
  4 boggarts (Vaults:3)
  10 centaurs
  38 wolves
  A lemure (D:5)
  A hog skeleton (Crypt:2)
  A komodo dragon zombie (Crypt:2)
  2 kobold brigands
  Blork the orc (D:5)
  A wyvern zombie (Crypt:1)
  15 bullfrogs
  2 necrophages (Crypt:1)
  An earth elemental (Elf:1)
  2 gnoll sergeants
  A naga simulacrum (Crypt:1)
  4 scorpions
  A water moccasin zombie (Crypt:2)
  8 wights
  Dowan (D:5)
  A shapeshifter zombie (Crypt:2)
  5 killer bees (D:8)
  A raiju skeleton (Crypt:1)
  A howler monkey (D:9)
  6 electric eels
  31 orc priests
  4 hounds
  A basilisk skeleton (Crypt:2)
  A jelly (D:7)
  A sleepcap (D:7)
  18 orc wizards
  12 iguanas (Lair:2)
  Natasha (thrice) (D:3)
  A scorpion zombie (Crypt:1)
  11 hell rats
  An acid dragon skeleton (Crypt:1)
  2 naga skeletons
  8 mummies
  10 gnolls
  A river rat (Lair:3)
  4 adders
  A shadow imp (D:6)
  2 white imps
  3 ufetubi
  An iguana skeleton (Crypt:1)
  3 dart slugs
  78 orcs
  2 endoplasms
  3 giant cockroaches
  9 goblins
  6 hobgoblins
  7 jackals
  2 quokkas
  5 ball pythons
  7 bats
  21 frilled lizards
  11 kobolds
  A kobold skeleton (Crypt:2)
  4 rats
  A rat skeleton (Crypt:2)
  A spectral orc (D:9)
  A spectral weapon (Swamp:2)
2299 creatures vanquished.

Vanquished Creatures (collateral kills)
  A tentacled monstrosity (Zot:3)
  A tengu reaver (Vaults:5)
  A yaktaur (Vaults:3)
  A catoblepas skeleton (Crypt:3)
  2 mummies (Crypt:3)
6 creatures vanquished.

Vanquished Creatures (others)
  A fire giant (Vaults:5)
  A blizzard demon (Zot:3)
  A naga sharpshooter (Snake:4)
  A swamp dragon (Swamp:3)
  3 deep elf zephyrmancers
  A chaos spawn (Zot:3)
  A boggart (Vaults:3)
  An orc wizard (D:8)
  6 foxfires
16 creatures vanquished.

Grand Total: 2321 creatures vanquished

Notes
Turn   | Place    | Note
-------+----------+-------------------------------------------
     0 | D:1      | bakla the Demonspawn Fighter began the quest for the Orb.
     0 | D:1      | Reached XP level 1. HP: 18/18 MP: 1/1
   368 | D:1      | Discovered your monstrous ancestry.
   368 | D:1      | Gained mutation: You have a small tail. [demonic ancestry]
   368 | D:1      | Reached XP level 2. HP: 24/24 MP: 2/2
  1232 | D:2      | Reached skill level 1 in Dodging
  1258 | D:2      | Found a faded altar of an unknown god.
  1287 | D:2      | Reached XP level 3. HP: 29/29 MP: 3/3
  2054 | D:3      | Noticed Natasha
  2065 | D:3      | Killed Natasha
  2066 | D:3      | Reached XP level 4. HP: 21/36 MP: 4/4
  2206 | D:3      | Noticed an ogre
  2234 | D:3      | Noticed Natasha
  2369 | D:3      | Killed Natasha
  2453 | D:3      | Killed an ogre
  2454 | D:3      | Gained mutation: You have a pair of small horns on your
                  | head. [demonic ancestry]
  2454 | D:3      | Reached XP level 5. HP: 34/42 MP: 5/5
  2562 | D:3      | Noticed Natasha
  2568 | D:3      | Killed Natasha
  2656 | D:3      | Identified the +10 long sword of Pride {freeze, *Noise
                  | rN+++ Str+2 Int-4}
  2909 | D:4      | Reached XP level 6. HP: 41/48 MP: 6/6
  3320 | D:5      | Entered Level 5 of the Dungeon
  3348 | D:5      | Noticed Duvessa
  3349 | D:5      | Noticed Dowan
  3362 | D:5      | Killed Duvessa
  3363 | D:5      | Reached skill level 5 in Long Blades
  3364 | D:5      | Killed Dowan
  3364 | D:5      | Noticed Eustachio
  3365 | D:5      | Gained mutation: You have a tail ending in a sharp stinger.
                  | [demonic ancestry]
  3365 | D:5      | Reached XP level 7. HP: 39/55 MP: 7/7
  3371 | D:5      | Killed Eustachio
  3372 | D:5      | Reached skill level 5 in Fighting
  3502 | D:5      | Noticed Sigmund
  3522 | D:5      | Killed Sigmund
  3690 | D:5      | Noticed Blork the orc
  3699 | D:5      | Killed Blork the orc
  3700 | D:5      | Gained mutation: You have a pair of horns on your head.
                  | [demonic ancestry]
  3700 | D:5      | Reached XP level 8. HP: 57/63 MP: 8/8
  3756 | D:5      | Noticed Menkaure
  3763 | D:5      | Killed Menkaure
  3786 | D:5      | Noticed Pikel
  3879 | D:4      | Killed Pikel
  3981 | D:5      | Reached skill level 5 in Dodging
  3998 | D:5      | Found Voruro Ruob's General Store.
  4009 | D:5      | Bought a scroll of identify for 30 gold pieces
  4224 | D:5      | Noticed a hornet
  4236 | D:5      | Killed a hornet
  4237 | D:5      | Gained mutation: Your demonic aura sometimes causes spilled
                  | blood to erupt in flames. [demonic ancestry]
  4237 | D:5      | Reached XP level 9. HP: 71/71 MP: 9/9
  6255 | D:7      | Identified the +1 robe of Dithmenos's Favour {rF- Will+
                  | Regen+ Stlth+}
  6472 | D:7      | Found a staircase to the Ecumenical Temple.
  6486 | Temple   | Entered the Ecumenical Temple
  6527 | Temple   | Became a worshipper of the Wu Jian Council
  6782 | D:7      | Found Doalek Heys's Distillery.
  6791 | D:7      | Bought a potion of haste for 140 gold pieces
  6791 | D:7      | Bought a potion of might for 56 gold pieces
  6791 | D:7      | Bought a potion of lignification for 42 gold pieces
  6791 | D:7      | Bought a potion of curing for 42 gold pieces
  7029 | D:8      | Reached XP level 10. HP: 74/80 MP: 10/10
  7072 | D:8      | Reached skill level 10 in Long Blades
  7073 | D:8      | Reached * piety under Wu Jian
  7105 | D:8      | Noticed a two-headed ogre
  7112 | D:8      | Killed a two-headed ogre
  7380 | D:9      | Noticed a gargoyle
  7397 | D:9      | Killed a gargoyle
  7578 | D:9      | Gained mutation: You have sharp fingernails. [demonic
                  | ancestry]
  7578 | D:9      | Reached XP level 11. HP: 90/90 MP: 11/11
  7762 | D:9      | Reached skill level 10 in Fighting
  7942 | D:9      | Noticed Psyche
  7948 | D:9      | Killed Psyche
  8036 | D:9      | Found a basalt altar of Yredelemnul.
  8121 | D:10     | Entered Level 10 of the Dungeon
  8130 | D:10     | Reached ** piety under Wu Jian
  8196 | D:10     | Found a staircase to the Lair.
  8308 | D:10     | Noticed a centaur warrior
  8315 | D:10     | Killed a centaur warrior
  8352 | D:10     | Reached XP level 12. HP: 82/97 MP: 12/12
  9083 | D:11     | Found Ytzut's Book Shop.
  9087 | D:11     | Noticed Sonja
  9094 | D:11     | Killed Sonja
  9835 | Lair:1   | Entered Level 1 of the Lair of Beasts
  9839 | Lair:1   | You fall into a shaft and drop 1 floor!
  9839 | Lair:2   | Noticed a boulder beetle
 10034 | Lair:1   | Reached *** piety under Wu Jian
 10824 | Lair:2   | Noticed a five-headed hydra
 11142 | Lair:2   | Identified the +1 dagger of Wosas {flame, Fly}
 11150 | Lair:2   | Noticed a boulder beetle
 11158 | Lair:1   | Reached **** piety under Wu Jian
 11189 | Lair:1   | Killed a boulder beetle
 11190 | Lair:1   | Reached skill level 10 in Dodging
 11365 | Lair:2   | Noticed a seven-headed hydra
 11371 | Lair:2   | Killed a seven-headed hydra
 11391 | Lair:1   | Reached XP level 13. HP: 36/107 MP: 13/13
 11594 | Lair:2   | Found a staircase to the Snake Pit.
 12166 | Lair:2   | Reached ***** piety under Wu Jian
 12236 | Lair:2   | Found a staircase to the Swamp.
 13693 | Lair:4   | Reached XP level 14. HP: 104/120 MP: 14/14
 13812 | Lair:4   | Found a staircase to the Slime Pits.
 14337 | Lair:4   | Noticed Xablec's ghost (journeyman DEEE)
 14340 | Lair:4   | Found a runed translucent door.
 14500 | Lair:5   | Entered Level 5 of the Lair of Beasts
 15275 | Lair:5   | Reached skill level 15 in Fighting
 15943 | D:12     | Found a staircase to the Orcish Mines.
 16123 | D:12     | Reached ****** piety under Wu Jian
 16728 | D:13     | Identified the ring "Vamemn" {rF+ rCorr}
 16741 | D:13     | Gained mutation: You have a pair of large horns on your
                  | head. [demonic ancestry]
 16741 | D:13     | Reached XP level 15. HP: 131/131 MP: 15/15
 16813 | D:13     | Found a gate to the Vaults.
 17064 | D:13     | Found a shadowy altar of Dithmenos.
 17209 | D:14     | You fall into a shaft and drop 1 floor!
 17209 | D:15     | Entered Level 15 of the Dungeon
 17391 | D:15     | Found a staircase to the Depths.
 17574 | D:15     | Reached skill level 15 in Dodging
 17750 | D:15     | Noticed Azrael
 17766 | D:15     | Killed Azrael
 18411 | D:14     | Found a broken altar of Ashenzari.
 18587 | D:14     | Found a runed translucent door.
 18982 | D:14     | Found Ciuteffeuvva's General Store.
 18988 | D:14     | Bought a scroll of enchant armour for 112 gold pieces
 19551 | D:14     | Noticed a tentacled monstrosity
 19561 | D:14     | Killed a tentacled monstrosity
 19585 | D:14     | Identified the +2 trident of the Thoughtful Seas
                  | {antimagic, rElec}
 20301 | Orc:1    | Entered Level 1 of the Orcish Mines
 20473 | Orc:1    | Found a burning altar of Makhleb.
 20960 | Orc:2    | Entered Level 2 of the Orcish Mines
 21058 | Orc:2    | Found a staircase to the Elven Halls.
 21332 | Orc:2    | Noticed Urug
 21340 | Orc:2    | Killed Urug
 21419 | Orc:2    | Reached XP level 16. HP: 82/143 MP: 16/16
 21676 | Orc:2    | Found Otokhloxio's General Store.
 21679 | Orc:2    | Found Ciwko's Magic Scroll Boutique.
 21680 | Orc:2    | Found Eludgh's Antique Weapon Shop.
 21681 | Orc:2    | Found Ikuah's Magic Scroll Shop.
 21688 | Orc:2    | Bought a phantom mirror for 560 gold pieces
 21689 | Orc:2    | Bought a scroll of blinking for 75 gold pieces
 21689 | Orc:2    | Bought a scroll of revelation for 75 gold pieces
 21689 | Orc:2    | Bought a scroll of immolation for 40 gold pieces
 21689 | Orc:2    | Bought a scroll of teleportation for 30 gold pieces
 21689 | Orc:2    | Bought a scroll of enchant weapon for 75 gold pieces
 21689 | Orc:2    | Bought a scroll of fear for 40 gold pieces
 21691 | Orc:2    | Bought a scroll of teleportation for 30 gold pieces
 21691 | Orc:2    | Bought a scroll of teleportation for 30 gold pieces
 21691 | Orc:2    | Bought a scroll of teleportation for 30 gold pieces
 21691 | Orc:2    | Bought a scroll of enchant weapon for 75 gold pieces
 21691 | Orc:2    | Bought a scroll of enchant weapon for 75 gold pieces
 21691 | Orc:2    | Bought a scroll of enchant weapon for 75 gold pieces
 21692 | Orc:2    | Bought a glowing falchion for 162 gold pieces
 22216 | Snake:1  | Entered Level 1 of the Snake Pit
 22221 | Snake:1  | Noticed Mlioglotl
 22228 | Snake:1  | Killed Mlioglotl
 22888 | Snake:1  | Found Eruustreo's Self-Published Books.
 23287 | Snake:1  | Noticed Agnes
 23297 | Snake:1  | Killed Agnes
 23382 | Snake:1  | Noticed Kirke
 24159 | Snake:1  | Killed Kirke
 26141 | Snake:2  | Found the +12 glaive of Prune {freeze, Prune}
 26857 | Snake:3  | Found Kecsuem's Magic Scroll Shop.
 27087 | Snake:3  | Identified a scroll of acquirement
 27088 | Snake:3  | Acquired 986 gold pieces
 27131 | Snake:3  | Bought a scroll of acquirement for 884 gold pieces
 27131 | Snake:3  | Acquired the +0 cloak "Omolat" {rF++ SInv Stlth-}
 27203 | Snake:3  | Gained mutation: You have a sharp stinger which inflicts
                  | weakening toxins. [demonic ancestry]
 27203 | Snake:3  | Reached XP level 17. HP: 145/153 MP: 17/17
 27402 | Snake:4  | Entered Level 4 of the Snake Pit
 27728 | Snake:4  | Reached skill level 1 in Spellcasting
 27936 | Snake:4  | Reached skill level 1 in Transmutations
 27936 | Snake:4  | Found Ugoenait's Book Shop.
 27937 | Snake:4  | Found Laryor's Jewellery Emporium.
 27938 | Snake:4  | Found Rorysm's Book Shop.
 28640 | Snake:4  | Learned a level 2 spell: Wereblood
 28659 | Snake:4  | Noticed a quicksilver dragon
 29158 | Snake:4  | Killed a quicksilver dragon
 29493 | Snake:4  | Got a serpentine rune of Zot
 29768 | Swamp:1  | Entered Level 1 of the Swamp
 30612 | Swamp:1  | You fall into a shaft and drop 1 floor!
 31094 | Swamp:2  | Identified the +0 pair of boots of Repulsion {rF+ Int+2
                  | Dex+2}
 31526 | Swamp:3  | Reached skill level 5 in Spellcasting
 31529 | Swamp:3  | Reached skill level 5 in Transmutations
 32785 | Swamp:4  | Entered Level 4 of the Swamp
 32788 | Swamp:4  | Gained mutation: You have very sharp fingernails. [demonic
                  | ancestry]
 32788 | Swamp:4  | Reached XP level 18. HP: 160/162 MP: 26/26
 32967 | Swamp:4  | Noticed Donald
 32976 | Swamp:4  | Killed Donald
 33775 | Swamp:4  | Got a decaying rune of Zot
 34090 | Vaults:4 | Identified the "Peruam"
 34090 | Vaults:5 | Identified the "Bamiasch"
 34090 | Crypt:3  | Identified the "Jeskac"
 34090 | Elf:1    | Entered Level 1 of the Elven Halls
 34657 | Elf:1    | Found Sinas's Distillery.
 34663 | Elf:1    | Bought 2 potions of heal wounds for 160 gold pieces
 34663 | Elf:1    | Bought a potion of haste for 160 gold pieces
 34663 | Elf:1    | Bought a potion of mutation for 128 gold pieces
 34663 | Elf:1    | Bought a potion of might for 64 gold pieces
 34663 | Elf:1    | Bought a potion of curing for 48 gold pieces
 34839 | Elf:1    | Noticed Roxanne
 34912 | Elf:1    | Found Nix Puse's General Store.
 34921 | Elf:1    | Bought a potion of haste for 160 gold pieces
 34921 | Elf:1    | Bought a scroll of blinking for 120 gold pieces
 34944 | Elf:1    | Reached skill level 5 in Shields
 35543 | Elf:2    | Found a huge runed translucent gate.
 35543 | Elf:2    | Found a huge runed translucent gate.
 35579 | Elf:2    | Found a huge runed translucent gate.
 35736 | Elf:2    | Found a radiant altar of Vehumet.
 36577 | Elf:2    | Found a huge runed translucent gate.
 36577 | Elf:2    | Found a huge runed translucent gate.
 36853 | Elf:2    | Gained mutation: Your demonic aura often causes spilled
                  | blood to erupt in flames. [demonic ancestry]
 36853 | Elf:2    | Reached XP level 19. HP: 46/169 MP: 28/28
 37956 | Elf:3    | Identified the "Amuipsis"
 37956 | Elf:3    | Entered Level 3 of the Elven Halls
 38179 | Elf:3    | Identified the +0 robe "Origeero" {rElec Regen+}
 38197 | Elf:3    | Identified the +4 double sword of Disarray {holy, rPois
                  | rC+}
 38217 | Elf:3    | Reached skill level 10 in Shields
 41594 | Elf:3    | Identified the +1 pair of boots of the Storm King {Dex+5}
 41661 | Elf:3    | Identified the staff of Anguish {*Corrode rF+++ rN+ Dex-3
                  | Stlth+ Necro}
 42235 | Elf:3    | Found the +2 pair of slick slippers {slick, slippery, EV+4}
 42402 | Elf:3    | Reached skill level 1 in Short Blades
 42621 | Vaults:1 | Entered Level 1 of the Vaults
 42703 | Vaults:1 | Found Davac's Magic Scroll Boutique.
 42775 | Vaults:1 | Found Piammobi's Jewellery Boutique.
 42877 | Vaults:1 | Found a flickering gateway to a bazaar.
 42900 | Bazaar   | Entered a bazaar
 42901 | Bazaar   | Found Didad's Antique Weapon Shoppe.
 42909 | Bazaar   | Found Siuck's Antique Armour Boutique.
 42917 | Bazaar   | Bought a heavily runed leather armour for 182 gold pieces
 42917 | Bazaar   | Identified the +2 leather armour "Cusag" {Harm rPois} (You
                  | bought it in a shop in a bazaar)
 42919 | Bazaar   | Found Wuihirph's Distillery.
 42928 | Bazaar   | Found Aphyggo's Book Shoppe.
 42928 | Bazaar   | Found Peos's Armour Boutique.
 42938 | Bazaar   | Bought the +2 pair of gloves of the Amoeba {Regen+} for 215
                  | gold pieces
 42960 | Bazaar   | Bought a potion of haste for 130 gold pieces
 42960 | Bazaar   | Bought a potion of heal wounds for 65 gold pieces
 42960 | Bazaar   | Bought a potion of ambrosia for 104 gold pieces
 42960 | Bazaar   | Bought a potion of mutation for 104 gold pieces
 42960 | Bazaar   | Bought a potion of mutation for 104 gold pieces
 43022 | Vaults:1 | Found a crumbling gateway.
 43029 | Desolati | Entered the Desolation of Salt
 43107 | Desolati | Identified the orb "Wenubu Ceumn" {mayhem, Fly rElec rPois}
 43110 | Desolati | Gained mutation: A weak demonic guardian rushes to your
                  | aid. [demonic ancestry]
 43110 | Desolati | Reached XP level 20. HP: 176/176 MP: 29/29
 43112 | Desolati | Reached skill level 5 in Short Blades
 43159 | Desolati | Identified the +5 scale mail of the Five Portals {Harm}
 43477 | Desolati | Identified the amulet of Fien {Faith rF- rN+ rCorr Slay+2}
 43511 | Desolati | Identified the +0 robe of the Lumpy Tusks {Str+4 Int+4}
 43513 | Desolati | Identified the ring "Riptur" {Ice rN+ Will+ Str+2}
 43514 | Desolati | Identified the +1 leather armour of Experimentation {Dex+3}
 43761 | Desolati | Identified the amulet "Agicviy" {Reflect Rampage rCorr
                  | Str-2 Int+5 SH+5}
 43763 | Desolati | Identified the ring "Rebruapn" {*Slow rF- rC+++ rCorr
                  | Int+3}
 44306 | Vaults:1 | Bought the ring of Doubts {rPois rC++ rN+ SInv} for 740
                  | gold pieces
 45229 | Vaults:2 | Reached skill level 15 in Shields
 45917 | Vaults:3 | Found Dynk's General Store.
 45921 | Vaults:3 | Bought a scroll of fog for 64 gold pieces
 46036 | Vaults:3 | Noticed Zenata
 46397 | Vaults:3 | Gained mutation: A demonic guardian rushes to your aid.
                  | [demonic ancestry]
 46397 | Vaults:3 | Reached XP level 21. HP: 183/183 MP: 30/30
 46402 | Vaults:3 | Reached skill level 10 in Short Blades
 47903 | Vaults:4 | Identified the ring "Rynlopn" {rElec rF- rC+ rCorr AC+4}
 48141 | Vaults:5 | Entered Level 5 of the Vaults
 48414 | Vaults:5 | Noticed a golden dragon
 48427 | Vaults:5 | Killed a golden dragon
 48600 | Vaults:5 | Noticed an ancient lich
 48614 | Vaults:5 | Killed an ancient lich
 48615 | Vaults:5 | Gained mutation: Your demonic aura causes all spilled blood
                  | to erupt in flames. [demonic ancestry]
 48615 | Vaults:5 | Reached XP level 22. HP: 181/186 MP: 31/31
 48742 | Vaults:5 | Identified the +1 battleaxe "Hanaisoc" {pain, rF++}
 48763 | Vaults:5 | Identified the +5 lajatang of Greed {freeze, Fly rN++ Int-2
                  | Stlth+}
 48906 | Vaults:5 | Identified the +2 robe "Quvag" {rPois}
 48932 | Vaults:5 | Identified the ring "Xiet" {Drain rPois rCorr Int+2 Dex+4}
 48997 | Vaults:5 | Noticed a golden dragon
 49014 | Vaults:5 | Killed a golden dragon
 49364 | Vaults:5 | Got a silver rune of Zot
 49790 | Vaults:3 | Killed Zenata
 50086 | Vaults:3 | Reached skill level 5 in Armour
 50176 | Vaults:3 | Identified the +11 orcbow "Welo" {drain, Int+3}
 50389 | Vaults:3 | Found a staircase to the Crypt.
 50500 | Vaults:3 | Found a runed gate.
 50500 | Vaults:3 | Found a runed gate.
 50500 | Vaults:3 | Found a runed gate.
 50820 | Depths:1 | Entered Level 1 of the Depths
 50820 | Depths:1 | Noticed Norris
 50822 | Depths:1 | Killed Norris
 50852 | Depths:1 | Found a one-way gateway to a ziggurat.
 50913 | Depths:1 | Found a gateway to Hell.
 51017 | Depths:1 | Reached skill level 1 in Invocations
 52030 | Depths:1 | Reached skill level 5 in Invocations
 52392 | Depths:2 | Gained mutation: Your magical and physical power is
                  | slightly enhanced at high health. [demonic ancestry]
 52392 | Depths:2 | Reached XP level 23. HP: 196/196 MP: 32/32
 52555 | Depths:2 | Found an ancient bone altar of Kikubaaqudgha.
 52590 | Depths:2 | Found a one-way gate leading to the halls of Pandemonium.
 53436 | Depths:3 | Found a portal to a secret trove of treasure.
 53439 | Depths:3 | You paid a toll of 7 potions of haste to enter a treasure
                  | trove
 53440 | Trove    | Entered a treasure trove
 53447 | Trove    | Identified the staff of the Slime-mould {rF+ rCorr Str+6
                  | Fire}
 53449 | Trove    | Identified the +8 morningstar "Bigoeta" {protect, Str+2}
 53456 | Trove    | Identified the ring "Exorumof" {rC+ MP+9 Str+5}
 53459 | Trove    | Identified the +2 pair of boots of Life {*Slow rC++ rN++}
 53809 | Depths:3 | Noticed the Enchantress
 53819 | Depths:3 | Killed the Enchantress
 53864 | Depths:3 | Reached skill level 10 in Invocations
 53875 | Depths:3 | Reached skill level 10 in Armour
 54110 | Depths:3 | Noticed a juggernaut
 54131 | Depths:3 | Killed a juggernaut
 54906 | Depths:3 | Found a one-way gate to the infinite horrors of the Abyss.
 55171 | Depths:4 | Entered Level 4 of the Depths
 55181 | Depths:4 | Noticed Saint Roka
 55192 | Depths:4 | Killed Saint Roka
 55258 | Depths:4 | Noticed a caustic shrike
 55258 | Depths:4 | Noticed a caustic shrike
 55258 | Depths:4 | Noticed a caustic shrike
 55258 | Depths:4 | Noticed a caustic shrike
 55261 | Depths:4 | Killed a caustic shrike
 55261 | Depths:4 | Noticed a juggernaut
 55261 | Depths:4 | Killed a caustic shrike
 55261 | Depths:4 | Killed a caustic shrike
 55262 | Depths:4 | Killed a caustic shrike
 55265 | Depths:4 | Killed a juggernaut
 55266 | Depths:4 | Reached skill level 15 in Invocations
 55339 | Depths:4 | Found a stormy altar of Qazlal.
 55411 | Depths:4 | Found a shimmering blue altar of Sif Muna.
 55447 | Depths:4 | Noticed a juggernaut
 55663 | Depths:4 | Found an iron altar of Okawaru.
 56002 | Tar:7    | Identified the "Utidog"
 56002 | Dis:7    | Identified the "Root"
 56002 | Dis:7    | Identified the "Dineqi"
 56002 | Dis:7    | Identified the "Mateicw"
 56002 | Dis:7    | Identified the "Buecusoo"
 56002 | Geh:7    | Identified the "Heamoli"
 56002 | Zig:1    | Entered Level 1 of a ziggurat
 56028 | Zig:2    | Entered Level 2 of a ziggurat
 56055 | Zig:3    | Entered Level 3 of a ziggurat
 56058 | Zig:3    | Noticed a dread lich
 56058 | Zig:3    | Found the +9 sword of Power {lifebolt}
 56071 | Zig:3    | Killed a dread lich
 56079 | Zig:4    | Entered Level 4 of a ziggurat
 56081 | Zig:4    | Noticed Ysahe the pandemonium lord
 56091 | Zig:4    | Killed Ysahe the pandemonium lord
 56095 | Zig:5    | Entered Level 5 of a ziggurat
 56100 | Zig:5    | Noticed Feloeps the pandemonium lord
 56102 | Zig:5    | Killed Feloeps the pandemonium lord
 56116 | Zig:5    | Gained mutation: You have claws for hands. [demonic
                  | ancestry]
 56116 | Zig:5    | Reached XP level 24. HP: 166/199 MP: 35/36
 56120 | Zig:6    | Entered Level 6 of a ziggurat
 56123 | Zig:6    | Noticed a royal mummy
 56133 | Zig:6    | Killed a royal mummy
 56153 | Zig:7    | Entered Level 7 of a ziggurat
 56163 | Zig:7    | Gained mutation: Your magical and physical power is
                  | enhanced at high health. [demonic ancestry]
 56163 | Zig:7    | Reached XP level 25. HP: 95/206 MP: 36/36
 56168 | Zig:7    | Identified the +6 long sword of Truncation {holy, Dex+2}
 56169 | Zig:7    | Identified the ring of Ryomn {Drain Fly Will- Dex+3 Slay+4}
 56171 | Zig:7    | Identified the +5 rapier of Yto Fisa {flame, rElec rC+++
                  | Str-3}
 56191 | Zig:8    | Entered Level 8 of a ziggurat
 56196 | Zig:8    | Noticed an ancient lich
 56197 | Zig:8    | Noticed a dread lich
 56204 | Zig:8    | Killed an ancient lich
 56207 | Zig:8    | Killed a dread lich
 56225 | Zig:8    | Identified the +0 sling "Xowuix" {heavy, Will+ Str+3}
 56476 | Crypt:1  | Entered Level 1 of the Crypt
 57113 | Crypt:2  | Identified the staff of the Festooned God {rPois rF+ rC+
                  | Ice}
 57113 | Crypt:2  | Identified the ring of Xom's Regard {Ice rPois rN+}
 57113 | Crypt:2  | Noticed Josephina
 57125 | Crypt:2  | Killed Josephina
 57137 | Crypt:2  | Found a transporter.
 57516 | Crypt:2  | Noticed Jory
 57528 | Crypt:2  | Killed Jory
 57591 | Crypt:2  | Noticed Frederick
 57612 | Crypt:2  | Killed Frederick
 58269 | Crypt:2  | Found a transporter.
 58294 | Crypt:2  | Noticed Hali's ghost (veteran FoFi)
 58378 | Crypt:2  | Noticed a shard shrike
 58385 | Crypt:2  | a titan changed into a shard shrike
 58385 | Crypt:2  | Noticed a shard shrike (glowing shapeshifter)
 58670 | Crypt:3  | Entered Level 3 of the Crypt
 59072 | Crypt:3  | Found a staircase to the Tomb.
 59640 | Crypt:3  | Found an ancient bone altar of Kikubaaqudgha.
 59737 | Crypt:3  | Noticed an ancient lich
 59743 | Crypt:3  | Killed an ancient lich
 60195 | Crypt:3  | Identified the amulet "Calukirph" {rF+ Regen+}
 60846 | Depths:4 | Gained mutation: Your magical and physical power is greatly
                  | enhanced at high health. [demonic ancestry]
 60846 | Depths:4 | Reached XP level 26. HP: 207/220 MP: 35/37
 60868 | Depths:4 | Killed a juggernaut
 60886 | Depths:4 | Found a gate to the Realm of Zot.
 61178 | Depths:4 | Found a basalt altar of Yredelemnul.
 61368 | Zot:1    | Entered Level 1 of the Realm of Zot
 61580 | Zot:3    | Noticed an orb of fire
 61609 | Zot:3    | Gained mutation: You occasionally lose the ability to drink
                  | potions when taking damage. [an orb of fire]
 61610 | Zot:3    | Killed an orb of fire
 62852 | Zot:5    | Entered Level 5 of the Realm of Zot
 63735 | Zot:5    | Noticed a dread lich
 63742 | Zot:5    | Killed a dread lich
 63777 | Zot:5    | Noticed an orb of fire
 63787 | Zot:5    | Gained mutation: Your body sometimes deteriorates upon
                  | taking damage. [an orb of fire]
 63788 | Zot:5    | Killed an orb of fire
 63794 | Zot:5    | Gained mutation: A powerful demonic guardian rushes to your
                  | aid. [demonic ancestry]
 63794 | Zot:5    | Reached XP level 27. HP: 84/235 MP: 38/38
 63797 | Zot:5    | Lost mutation: You occasionally lose the ability to drink
                  | potions when taking damage. [potion of mutation]
 63797 | Zot:5    | Lost mutation: Your body sometimes deteriorates upon taking
                  | damage. [potion of mutation]
 63797 | Zot:5    | Gained mutation: You are frail. (-10% HP) [potion of
                  | mutation]
 63797 | Zot:5    | Gained mutation: You are strong-willed. (Will+) [potion of
                  | mutation]
 63797 | Zot:5    | Gained mutation: Your system is resistant to poisons.
                  | (rPois) [potion of mutation]
 63797 | Zot:5    | Gained mutation: Your spells are a little harder to cast,
                  | but a little more powerful. [potion of mutation]
 63798 | Zot:5    | Lost mutation: You are frail. (-10% HP) [potion of
                  | mutation]
 63798 | Zot:5    | Lost mutation: Your spells are a little harder to cast, but
                  | a little more powerful. [potion of mutation]
 63798 | Zot:5    | Lost mutation: Your system is resistant to poisons. (rPois)
                  | [potion of mutation]
 63798 | Zot:5    | Gained mutation: You passively map a small area around you.
                  | [potion of mutation]
 63798 | Zot:5    | Gained mutation: You occasionally shout uncontrollably at
                  | your foes. [potion of mutation]
 63798 | Zot:5    | Gained mutation: You are partially covered in iridescent
                  | scales. (AC +2) [potion of mutation]
 63798 | Zot:5    | Gained mutation: Your spells are a little harder to cast,
                  | but a little more powerful. [potion of mutation]
 63808 | Zot:5    | Noticed an ancient lich
 63810 | Zot:5    | Noticed a dread lich
 63811 | Zot:5    | Killed a dread lich
 63811 | Zot:5    | Killed an ancient lich
 63865 | Zot:5    | Noticed an ancient lich
 63869 | Zot:5    | Killed an ancient lich
 63873 | Zot:5    | Noticed an orb of fire
 63878 | Zot:5    | Killed an orb of fire
 63887 | Zot:5    | Got the Orb of Zot
 63963 | Zot:3    | Noticed Yguinuti the pandemonium lord
 64417 | Temple   | Fell from the grace of Wu Jian
 64417 | Temple   | Became a worshipper of Qazlal Stormbringer
 64654 | D:$      | Escaped with the Orb!

Illustrated notes

Levels and vault maps discovered:
D:1:      sevenhm_arrival_forest_fort_large_2, layout_basic
D:2:      layout_basic, ebering_ecumenical_altar_abandoned
D:3:      layout_basic, uniq_natasha
D:4:      layout_cave_pools, minmay_goblin_kobold_house
D:5:      layout_basic, serial_shops, shop, chequers_serial_rivers_small_b,
          chequers_serial_rivers_room_b, uniq_sigmund, uniq_duvessa,
          uniq_eustachio, uniq_blork_the_orc, uniq_menkaure, uniq_pikel
D:6:      layout_gridville, serial_bayou, serial_bayou_crossing,
          serial_bayou_lake_a, serial_bayou_lagoon_a, serial_bayou_pond_d,
          minmay_fractal_squares_5
D:7:      layout_loops_ring, minmay_temple_entry_overgrown, serial_shops,
          nicolae_shop_tiny_real_fake_doors, st_stairs_10
D:8:      layout_basic, serial_bayou_pond_a, centaur_isle
D:9:      layout_basic, yredelemnul_forgotten_temple_becter, minivault_11,
          nicolae_titane, uniq_psyche
D:10:     layout_cave_pods, lair_entry_dummy
D:11:     layout_irregular_city, serial_shops, nicolae_square_shop, uniq_sonja
D:12:     layout_cross
D:13:     layout_cave_pools, lightli_vaults_fourway_checkpoint,
          nicolae_nh_vlads_tower
D:14:     cheibrodos_body_horror, layout_irregular_city, serial_shops,
          nicolae_shop_peninsula, ashenzari_altar_1
D:15:     gammafunk_depths_entry_grave, layout_irregular_city, fedhas_altar_4,
          uniq_azrael
Temple:   kilobyte_greek_temple
Lair:1:   statuecave_lemuel, layout_cave_pods, beast_lair_carwin_4,
          grunt_megastairs_3
Lair:2:   lemuel_reptile_caves, layout_gridlike,
          mainiacjoe_swamp_entry_lozenge_pond, dummy_snake_entry, serial_bayou,
          serial_bayou_shore_a, serial_bayou_pond_e, serial_bayou_ford_a,
          serial_bayou_pond_b
Lair:3:   layout_gridlike, pond, grunt_megastairs_5
Lair:4:   layout_cellular_growth, slime_entry_1, hellmonk_ghost_happy_afterlife,
          grunt_megastairs_2, lemuel_fruit_fields
Lair:5:   hangedman_lair_caniforms_friends, layout_cave_pods
Swamp:1:  layout_basic_swamp, evilmike_swamp_ruin_house_1
Swamp:2:  layout_basic_swamp, nicolae_swamp_trees_clearing
Swamp:3:  layout_basic_swamp, hangedman_swamp_ruin_wall, swamp_pool_5
Swamp:4:  swamp_alternative, layout_basic_swamp, uniq_donald
Snake:1:  layout_onion_interference, nicolae_custom_books, serial_bayou_shore_b,
          uniq_mlioglotl, uniq_agnes, uniq_kirke
Snake:2:  layout_cave_shapes, grunt_ministairs_2, nicolae_snake_gridmaze_zigzag,
          nicolae_snake_coiling_death, lemuel_fruit_tree
Snake:3:  layout_misc_corridors, serial_shops, shop
Snake:4:  hellmonk_snake_rune_quicksilver_temple, layout_cave_town,
          minmay_shop_grove
Orc:1:    nicolae_orc_accident_1, layout_caves, basic_altar, bloody_makhleb
Orc:2:    st_orc_pillars, layout_diamond_mine, uniq_urug
Elf:1:    layout_onion_city, serial_shops, shop_statue,
          minmay_elf_crystal_heptagon, nicolae_elf_free_trip_to_the_abyss,
          minmay_shop_star, uniq_roxanne
Elf:2:    elven_hall_of_blades_hangedman_alternative
          [nicolae_blade_entry_pointy_end], layout_gridlike, basic_altar,
          nicolae_elf_glass_and_crystal_pillar_2
Elf:3:    minmay_elf_hall_not_hex, layout_geoelf_diagonals,
          kilobyte_mutagenic_chamber
Vaults:1: portal_desolation_entry_salt, nicolae_vaults_little_squares_4,
          nicolae_vaults_variable_pillar_hall, nicolae_vaults_asterisk,
          v_alt_pattern_6, hangedman_vaults_slice, vaults_room_door_ring,
          ontoclasm_vaults_eye, layout_vaults_omnigrid, serial_shops,
          bzr_firewalk, shop, shop
Vaults:2: ontoclasm_vaults_bender, grunt_vaults_twisty,
          nicolae_vaults_ellipses_ellipsis,
          nicolae_vaults_offset_grid_hallway_2,
          nicolae_vaults_ring_of_whatevers, v_misc_23, v_rooms_2,
          nicolae_vaults_rhombus_5, layout_vaults_big_room
Vaults:3: nicolae_vaults_big_ls, v_misc_4, blue_anna_dwarven_crypt,
          ontoclasm_vaults_fault, nicolae_vaults_house_2, serial_ice_g,
          vaults_room_fours, vaults_dpeg_ring, ontoclasm_vaults_ligature,
          abrahamwl_protected_by_tso_2, nicolae_vaults_trapezoid_lopsided_1,
          vaults_room_grunt_arrival_ludios, layout_vaults_omnicross,
          serial_shops, nicolae_shop_hallway_stairs, uniq_zenata
Vaults:4: v_rooms_4, nicolae_vaults_mush_room, nicolae_vaults_more_shelving_1,
          nicolae_vaults_network_square, nicolae_vaults_little_squares_4,
          v_misc_1, ontoclasm_vaults_spin, v_misc_26,
          nicolae_vaults_specimen_jars, ontoclasm_vaults_decontamination,
          grunt_vaults_hallway_short, nicolae_vaults_angled_halls,
          layout_vaults_ring
Vaults:5
Crypt:1:  layout_gridlike
Crypt:2:  layout_misc_corridors, gammafunk_ghost_abyssal_escape,
          grunt_megastairs_1, uniq_jory, uniq_frederick, uniq_josephina
Crypt:3:  quadcrypt_mu
Depths:1: layout_roguey, enter_ziggurat_c, hell_entry, serial_bayou,
          serial_bayou_pond_e, serial_bayou_shore_b, serial_bayou_pond_a,
          serial_bayou_pond_d, interstate_on_off, unseen_surprise_small,
          uniq_norris
Depths:2: hangedman_elemental_death_ray, layout_honeycomb, serial_sigils,
          serial_sigils_hangedman_quiver, serial_sigils_hangedman_clutch,
          serial_sigils_hangedman_quiver, serial_sigils_hangedman_scratch,
          serial_sigils_hangedman_quiver, kiku_gazebo_garden_becter,
          rand_demon_pan_entry_8, hell_entry, infiniplex_staircase_door_maze,
          firewood_loft
Depths:3: minmay_the_grid_four_pointed_star_mashed
          [minmay_the_grid_triangle_9x9_limited_checkers,
          minmay_the_grid_triangle_9x9_flanged_cone,
          minmay_the_grid_triangle_9x9_zippers_vertical,
          minmay_the_grid_triangle_9x9_steps,
          minmay_the_grid_prize_four_corners_diamond_b], layout_basic,
          trove_entry_hex_spiral, abyss_entry, pan_entry,
          chequers_serial_rivers_small_3, pf_vacation_house_of_asmodeus,
          serial_bayou_pond_c, uniq_enchantress
Depths:4: grunt_profane_halls [grunt_profane_temple_dis,
          grunt_profane_temple_coc, grunt_profane_temple_geh,
          grunt_profane_temple_tar, grunt_zot_portal], hell_entry, abyss_entry,
          pan_entry, uniq_saint_roka
Zot:1:    layout_concentric_octagons, st_large_dragon_hoard_2,
          grunt_megastairs_4
Zot:2:    layout_cellular_growth
Zot:3:    lemuel_draconian_sentries_small, layout_basic
Zot:4:    gammafunk_sealed_arena, layout_onion_interference
Zot:5:    layout_gridlike

Skill      XL: |  1  2  3  4  5  6  7  8  9 10 11 12 13 14 15 16 17 18 19 20 21 22 23 24 25 26 27 |
---------------+----------------------------------------------------------------------------------+-----
Long Blades    | 2 3 4 5 6 7 9 12 14 | 14.0
Dodging        | 1 2 3 4 5 6 8 10 12 14 16 17 18 20 21 23 | 23.0
Fighting       | 4 5 6 7 9 10 11 14 16 17 19 20 23 | 23.0
Spellcasting   | 5 6 |  6.0
Transmutations | 5 6 |  6.0
Shields        | 8 13 15 18 20 | 20.0
Short Blades   | 4 9 11 | 11.0
Armour         | 9 10 13 | 13.6
Invocations    | 8 18 19 21 23 | 23.1

Action                     |  1- 3 |  4- 6 |  7- 9 | 10-12 | 13-15 | 16-18 | 19-21 | 22-24 | 25-27 || total
---------------------------+-------+-------+-------+-------+-------+-------+-------+-------+-------++-------
  Melee: Long sword        |   115 |    59 |   169 |   424 |  1263 |  1364 |   255 |       |       ||  3649
         Tailslap          |     5 |     9 |    11 |    60 |   211 |   225 |   547 |   519 |   667 ||  2254
         Headbutt          |       |     8 |    17 |    90 |   299 |   341 |   783 |   758 |   968 ||  3264
         Unarmed           |       |       |       |       |       |     1 |       |       |       ||     1
         Quick blade       |       |       |       |       |       |       |  2263 |  2298 |  2756 ||  7317
  Throw: Dart              |       |       |       |     2 |     4 |     1 |       |     2 |     1 ||    10
         Throwing net      |       |       |       |       |       |     1 |     1 |     1 |       ||     3
   Cast: Wereblood         |       |       |       |       |       |     4 |    23 |    21 |    52 ||   100
 Invoke: Serpent's Lash    |       |       |       |       |    13 |    21 |    16 |    12 |    14 ||    76
         Heavenly Storm    |       |       |       |       |     3 |     2 |     2 |     3 |     3 ||    13
Ability: Lunge             |       |       |     5 |    31 |    98 |   140 |   119 |    84 |   123 ||   600
         Whirlwind         |       |       |       |   136 |   416 |   409 |   494 |   351 |   434 ||  2240
  Evoke: Wand              |       |       |       |     7 |     2 |     4 |     2 |     1 |     7 ||    23
         Lightning rod     |       |       |       |     3 |     7 |       |       |       |       ||    10
    Use: Scroll            |     4 |     8 |     4 |     7 |     9 |    15 |    14 |    22 |    16 ||    99
         Potion            |       |     2 |     4 |     1 |     3 |    11 |     6 |     6 |    11 ||    44
   Stab: Sleeping          |       |       |     1 |       |     1 |     1 |       |     1 |     5 ||     9
         Distracted        |       |       |       |       |     2 |     1 |     4 |     3 |     3 ||    13
         Held in net/web   |       |       |       |       |       |       |       |     5 |       ||     5
 Armour: Scale mail        |   123 |    48 |    55 |       |       |       |       |       |       ||   226
         Skin              |       |       |     7 |       |       |     2 |       |       |       ||     9
         Ice dragon scales |       |       |    28 |       |       |       |       |       |       ||    28
         Acid dragon scale |       |       |    10 |    49 |       |       |       |       |       ||    59
         Ring mail         |       |       |       |    90 |   354 |   422 |   244 |   141 |   273 ||  1524
         Fire dragon scale |       |       |       |       |       |       |     8 |    82 |       ||    90
  Dodge: Dodged            |    63 |    25 |    56 |   137 |   554 |   841 |   500 |   315 |   358 ||  2849
  Block: Buckler           |    30 |    13 |    51 |   137 |   418 |   490 |   434 |   122 |       ||  1695
         Reflection        |       |       |     5 |     4 |    18 |    74 |    43 |    10 |     6 ||   160
         Other             |       |       |       |       |       |     1 |       |       |       ||     1
         Kite shield       |       |       |       |       |       |       |       |   313 |   585 ||   898

Table legend: (Time is in decaauts)
 A = Elapsed time spent in this place.
 B = Non-inter-level travel time spent in this place.
 C = Inter-level travel time spent in this place.
 D = Time resting spent in this place.
 E = Time spent auto-exploring this place.
 F = Levels seen in this place.
 G = Mean time per level.
                   A        B        C        D        E       F      G
               +--------+--------+--------+--------+--------+-----+--------+
         Total |  64060 |  59817 |   4243 |  11345 |  35025 |  62 | 1033.2 |
       Dungeon |  15287 |  13701 |   1586 |   1467 |   9577 |  15 | 1019.1 |
        Temple |    176 |     68 |    108 |      0 |      0 |   1 |  176.0 |
          Lair |   7295 |   7000 |    295 |   1785 |   4090 |   5 | 1459.0 |
         Swamp |   3738 |   3609 |    129 |    377 |   2439 |   4 |  934.5 |
     Snake Pit |   6886 |   6666 |    220 |   1438 |   4139 |   4 | 1721.5 |
  Orcish Mines |   1833 |   1673 |    160 |      0 |   1250 |   2 |  916.5 |
   Elven Halls |   8374 |   8222 |    152 |   3773 |   3058 |   3 | 2791.3 |
        Vaults |   7351 |   6578 |    773 |    470 |   4260 |   5 | 1470.2 |
         Crypt |   3786 |   3682 |    104 |    422 |   2368 |   3 | 1262.0 |
        Depths |   5549 |   4923 |    626 |    529 |   2929 |   4 | 1387.2 |
           Zot |   2566 |   2480 |     86 |   1059 |    423 |   5 |  513.2 |
      Ziggurat |    225 |    225 |      0 |      0 |      0 |   8 |   28.1 |
        Bazaar |     79 |     79 |      0 |      0 |      0 |   1 |   79.0 |
         Trove |     43 |     43 |      0 |      0 |      5 |   1 |   43.0 |
    Desolation |    865 |    865 |      0 |     23 |    483 |   1 |  865.0 |
               +--------+--------+--------+--------+--------+-----+--------+

Top non-repeatable levels by time:
   Elf:3: 4520 daAuts
   Elf:2: 2424 daAuts
  Lair:2: 2281 daAuts
 Snake:4: 2132 daAuts
 Snake:2: 2057 daAuts
Depths:3: 1879 daAuts
     D:6: 1866 daAuts
 Snake:1: 1761 daAuts
    D:14: 1667 daAuts
    D:13: 1648 daAuts
 Crypt:3: 1622 daAuts
Vaults:4: 1612 daAuts
Vaults:3: 1608 daAuts
  Lair:1: 1592 daAuts
Vaults:5: 1488 daAuts
